Map: Blackpink LE

Players

Mageziya

  • Race: Protoss Protoss
  • League: Diamond
  • Spawn Location: 7:00

Eliwood - Winner!

  • Race: Protoss Protoss
  • League: Diamond
  • Spawn Location: 1:00

VOD

Have the link to the VOD?

Description

Time

  • Played on: Jan. 11, 2018, 9:53 p.m.
  • Length: 11:27
Show
View Real Time Build Order
Export as new Build Order

Mageziya Protoss 

Build Orders:  

Get SALT Encoding   

  12  0:01  Probe  
  13  0:13  Probe  
  14  0:17  Pylon  
  14  0:25  Probe  
  15  0:37  Probe  
  15  0:38  Gateway  
  16  0:45  Assimilator  
  16  0:49  Probe (Chrono Boost)  
  17  0:55  Assimilator  
  17  1:01  Probe (Chrono Boost)  
  18  1:09  Gateway  
  18  1:10  Probe (Chrono Boost)  
  19  1:19  Probe  
  20  1:27  Cybernetics Core  
  20  1:34  Pylon  
  20  1:41  Probe  
  21  1:53  Probe  
  22  2:02  Stalker x2 (Chrono Boost)  
  22  2:05  Probe  
  27  2:08  Warp Gate  
  27  2:22  Probe  
  28  2:26  Stalker  
  30  2:30  Pylon  
  30  2:41  Robotics Facility  
  30  2:42  Probe  
  31  2:51  Stalker  
  33  2:55  Probe  
  33  3:21  Nexus  
  33  3:36  Shield Battery  
  33  3:39  Probe  
  34  3:43  Immortal (Chrono Boost)  
  38  3:52  Pylon  
  38  3:55  Probe  
  39  4:13  Probe  
  39  4:15  Observer  
  41  4:21  Sentry  
  41  4:22  Sentry  
  45  4:25  Probe  
  46  4:34  Twilight Council  
  46  4:36  Probe  
  46  4:37  Probe, Pylon  
  48  4:39  Assimilator  
  48  4:50  Stalker x2  
  52  5:01  Probe x2 (Chrono Boost)  
  54  5:10  Assimilator  
  54  5:13  Probe x2 (Chrono Boost)  
  54  5:14  Sentry, Stalker  
  58  5:17  Probe x2 (Chrono Boost)  
  62  5:27  Probe  
  63  5:36  Probe  
  63  5:39  Probe  
  63  5:42  Stalker x2  
  69  5:48  Probe  
  70  6:01  Pylon, Blink  
  70  6:03  Pylon  
  70  6:20  Probe, Immortal  
  75  6:28  Stalker x2  
  75  6:29  Probe  
  75  6:32  Probe  
  81  6:36  Gateway  
  81  6:37  Gateway  
  81  6:59  Probe, Robotics Facility, Immortal  
  86  7:04  Pylon  
  86  7:06  Pylon  
  86  7:14  Nexus  
  86  7:19  Forge x2  
  86  7:22  Probe x2  
  88  7:34  Probe x2  
  88  7:36  Pylon, Stalker  
  88  7:37  Stalker  
  94  7:50  Warp Prism (Chrono Boost)  
  94  7:55  Protoss Ground Weapons Level 1 (Chrono Boost)  
  94  7:56  Protoss Ground Armor Level 1 (Chrono Boost)  
  100  8:02  Immortal (Chrono Boost)  
  100  8:03  Pylon  
  99  8:09  Stalker  
  99  8:10  Stalker  
  103  8:14  Dark Shrine  
  103  8:15  Probe  
  103  8:18  Probe  
  105  8:30  Immortal  
  99  8:44  Stalker x4  
  89  8:53  Immortal  
  75  8:56  Probe  
  75  9:02  Shield Battery  
  76  9:03  Probe x2  
  76  9:09  Probe  
  79  9:15  Probe, Immortal  
  84  9:23  Sentry  
  86  9:26  Probe x2  
  86  9:28  Dark Templar  
  86  9:30  Dark Templar  
  92  9:41  Immortal  
  92  9:42  Probe x2  
  92  9:44  Assimilator  
  98  9:48  Probe, Assimilator  
  98  9:51  Dark Templar  
  101  9:54  Probe  
  101  9:55  Dark Templar  
  100  10:07  Archon  
  100  10:09  Dark Templar  
  100  10:10  Dark Templar  
  100  10:12  Immortal (Chrono Boost)  
  108  10:15  Archon  
  108  10:16  Probe x2  
  114  10:32  Immortal (Chrono Boost)  
  114  10:33  Dark Templar  
  114  10:34  Dark Templar  
  118  10:38  Archon  
  118  10:51  Observer (Chrono Boost)  
  123  11:11  Nexus  
  123  11:12  Pylon  
  123  11:15  Pylon  
Show
View Real Time Build Order
Export as new Build Order

Eliwood Protoss - Winner!

Build Orders: Zealot Archon 

Get SALT Encoding   

  12  0:00  Probe  
  13  0:13  Probe  
  14  0:18  Pylon  
  14  0:25  Probe  
  15  0:38  Gateway  
  15  0:41  Probe (Chrono Boost)  
  16  0:46  Assimilator  
  17  0:50  Probe (Chrono Boost)  
  17  0:54  Assimilator  
  17  0:55  Probe (Chrono Boost)  
  18  1:08  Gateway  
  18  1:11  Probe  
  19  1:25  Probe  
  20  1:31  Cybernetics Core  
  20  1:37  Probe  
  21  1:44  Pylon  
  21  1:49  Probe  
  22  2:01  Probe  
  22  2:08  Adept x2, Warp Gate  
  27  2:32  Stalker (Chrono Boost)  
  27  2:33  Stalker (Chrono Boost)  
  30  2:54  Nexus  
  30  3:04  Pylon  
  30  3:15  Probe  
  30  3:16  Robotics Facility  
  31  3:27  Probe  
  31  3:28  Sentry x2  
  37  3:41  Probe  
  37  3:53  Probe  
  37  3:55  Shield Battery  
  38  3:56  Shield Battery  
  38  4:03  Immortal (Chrono Boost)  
  38  4:05  Probe  
  38  4:09  Probe (Chrono Boost)  
  44  4:14  Pylon  
  44  4:21  Probe (Chrono Boost)  
  44  4:22  Probe (Chrono Boost)  
  46  4:31  Probe (Chrono Boost)  
  46  4:35  Probe, Immortal (Chrono Boost)  
  52  4:42  Probe  
  53  4:47  Probe  
  54  4:54  Probe, Twilight Council  
  54  4:59  Probe  
  56  5:02  Assimilator  
  56  5:07  Probe  
  57  5:12  Probe  
  57  5:13  Observer (Chrono Boost)  
  59  5:19  Probe  
  60  5:21  Pylon  
  60  5:28  Pylon  
  60  5:32  Probe x2  
  60  5:35  Assimilator  
  62  5:39  Immortal (Chrono Boost)  
  66  5:43  Forge  
  66  5:44  Probe x2  
  68  6:02  Charge (Chrono Boost)  
  68  6:03  Probe x2  
  70  6:07  Protoss Ground Weapons Level 1  
  70  6:11  Gateway  
  70  6:13  Gateway  
  70  6:24  Observer (Chrono Boost)  
  71  6:28  Probe  
  71  6:30  Zealot  
  71  6:31  Nexus  
  74  6:33  Pylon  
  74  6:40  Probe, Templar Archives  
  74  6:44  Immortal  
  77  6:53  Probe  
  76  6:54  Zealot x2  
  76  7:00  Pylon  
  80  7:03  Probe, Shield Battery  
  80  7:08  Probe  
  82  7:12  Pylon  
  82  7:16  Zealot x2  
  82  7:21  High Templar x2  
  90  7:25  Archon  
  90  7:35  Forge, Immortal (Chrono Boost)  
  94  7:38  Pylon, Gateway  
  94  7:40  Gateway  
  94  7:42  Photon Cannon  
  94  7:47  Probe, Shield Battery  
  94  7:48  Probe x2  
  94  7:51  High Templar x2  
  101  7:55  Archon  
  101  8:02  Protoss Ground Armor Level 1 (Chrono Boost), Protoss Ground Weapons Level 2 (Chrono Boost)  
  101  8:06  Observer (Chrono Boost)  
  101  8:11  Probe  
  101  8:12  Probe x2  
  105  8:14  Zealot, Assimilator  
  105  8:16  Zealot  
  109  8:20  Observer (Chrono Boost)  
  109  8:21  Gateway  
  109  8:23  Probe  
  111  8:35  High Templar x2  
  111  8:38  Immortal (Chrono Boost)  
  109  8:50  Pylon  
  109  8:55  Probe x2  
  111  9:00  Assimilator  
  111  9:03  Pylon  
  111  9:10  High Templar, Gateway, Warp Prism (Chrono Boost)  
  111  9:11  High Templar x3  
  111  9:12  Zealot x2, Pylon  
  111  9:15  Archon x2  
  125  9:21  Probe  
  126  9:24  Probe x2, Pylon  
  128  9:32  Zealot  
  130  9:41  High Templar x2  
  130  9:43  High Templar x2  
  130  9:44  Zealot x2  
  142  9:47  Archon x2  
  141  10:08  Photon Cannon  
  141  10:11  Photon Cannon  
  141  10:15  Zealot x4  
  141  10:20  Pylon  
  149  10:22  Photon Cannon  
  149  10:23  Photon Cannon  
  149  10:38  Gateway, Immortal  
  149  10:40  Gateway  
  153  10:43  Pylon  
  153  10:56  High Templar x2  
  157  11:00  Pylon  
  157  11:01  High Templar  
  157  11:02  High Templar, Zealot x2, Pylon  
  165  11:05  Archon  
  165  11:06  Archon  
  155  11:23  Zealot x4  
Tags
 
Composition
Zealot Archon
Matchup
PvP
Spawn Locations
Cross Positions
Add a new tag
Caveats
  • Supply blocks, unpowered buildings, or Contaminate may cause inaccurate times.
  • Supply counts are checked every 10 seconds.